 Dungeon Crawl Stone Soup version 0.22-a0-293-gc9362ec (webtiles) character file.

109 mhoghedin the Poker (level 4, -6/36 HPs)
             Began as a Ghoul Warper on Mar 24, 2018.
             Mangled by a river rat (7 damage)
             ... in a sewer.
             The game lasted 00:05:27 (2084 turns).

mhoghedin the Poker (Ghoul Warper)                  Turns: 2084, Time: 00:05:28

Health: -6/36      AC:  4    Str: 14    XL:     4   Next: 90%
Magic:  1/5        EV: 11    Int:  9    God:
Gold:   75         SH:  0    Dex:  8    Spells: 2/6 levels left

rFire    . . .     SeeInvis .   a - +0 spear
rCold    + . .     Gourm    .   (no shield)
rNeg     + + +     Faith    .   g - +0 leather armour {MR+}
rPois    ∞         Spirit   .   (no helmet)
rElec    .         Reflect  .   (no cloak)
rCorr    .         Harm     .   j - +0 pair of gloves
MR       ++...                  (no boots)
Stlth    ..........             (no amulet)
HPRegen  0.00/turn              i - ring of protection from magic {MR+, !d}
MPRegen  0.09/turn              s - ring of loudness (curse) {Stlth-}

@: very slightly contaminated, rotting
A: rotting body, claws 1, carnivore, cold resistance 1, negative energy
resistance 3, inhibited regeneration, torment resistance, unbreathing
a: no special abilities


You were in a sewer.
You were not hungry.

You visited 1 branch of the dungeon, and saw 4 of its levels.
You also visited: Sewer.

You collected 75 gold pieces.

Inventory:

Hand Weapons
 a - a +0 spear (weapon)
Missiles
 e - 5 tomahawks of dispersal {=f}
 k - 4 tomahawks (quivered)
Armour
 b - a +0 leather armour
 g - a +0 leather armour of magic resistance (worn)
   (You found it on level 1 of the Dungeon)
 j - a +0 pair of gloves (worn)
   (You found it on level 1 of the Dungeon)
Jewellery
 i - a ring of protection from magic (left hand) {MR+, !d}
   (You found it on level 1 of the Dungeon)
 s - a cursed ring of loudness (right hand) {Stlth-}
   (You found it on level 2 of the Dungeon)
Wands
 q - a wand of digging (5)
   (You found it on level 2 of the Dungeon)
Scrolls
 c - a scroll of remove curse {unknown}
 d - a scroll of blinking {!r}
 l - a scroll of enchant weapon {unknown}
 n - a scroll of identify
 o - a scroll of random uselessness {unknown}
Potions
 h - a potion of might {unknown}
 p - a potion of cancellation
 r - 2 potions of curing {unknown}
Comestibles
 f - a ration


   Skills:
 - Level 2.1 Fighting
 + Level 4.4 Polearms
 - Level 0.8 Throwing
 - Level 0.8 Armour
 - Level 1.7 Dodging
 - Level 1.7 Spellcasting
 - Level 2.6 Translocations


You had 2 spell levels left.
You knew the following spells:

 Your Spells              Type           Power        Failure   Level  Hunger
a - Shroud of Golubria    Chrm/Tloc      #.........   36%         2    ###....
b - Blink                 Tloc           N/A          22%         2    ###....


Dungeon Overview and Level Annotations

Branches:
Dungeon (4/15)
 Temple: D:4-7

Altars:
Fedhas
Trog
Vehumet
Zin

Annotations:
D:4 Natasha


Innate Abilities, Weirdness & Mutations

Your body is rotting away.
You thrive on raw meat.
You are immune to poison.
You have sharp fingernails.
You are carnivorous and can eat meat at any time.
Your flesh is cold resistant. (rC+)
You are immune to negative energy. (rN+++)
You do not regenerate when monsters are visible.
You are immune to unholy pain and torment.
You can survive without breathing.


Message History

You enter the shallow water.
Moving in this stuff is going to be slow.
The ball python bites you but does no damage.
The ball python grabs you. The ball python constricts you.
Natasha wildly gestures.
You feel disoriented.
You escape the ball python's grasp.
There is a glowing drain here.
The ball python closely misses you. The ball python grabs you.
You stop descending the stairs.
The ball python constricts you. The white imp hits you.
The white imp freezes you. You resist.
You take 3 damage, and have 14/36 hp.
You escape the ball python's grasp.
The ball python bites you. The ball python completely misses you.
The white imp hits you but does no damage.
The world spins around you as you enter the gateway.
You enter a sewer! 3 rats and 2 river rats come into view.
Found a gate leading back out of this place.
There is an empty arch of ancient stone here.
You take 2 damage, and have 12/36 hp.
The rat twitches its whiskers.
There is a gate leading back out of this place here.
The rat completely misses you.
The rat twitches its whiskers.
You are too injured to fight recklessly!
You puncture the rat!
You kill the rat!
You are too injured to fight recklessly!
You hit the rat.
You kill the rat!
The river rat misses you.
Eat one of 4 chunks of flesh {@w0}? (ye/n/q)
You eat one of the 4 chunks of flesh {@w0}.
This raw flesh tastes great!
The river rat bites you.
You regained 3 hp, and now have 15/36 hp.
Eat one of 3 chunks of flesh {@w0}? (ye/n/q)
You eat one of the 3 chunks of flesh {@w0}.
This raw flesh tastes great!
The river rat barely misses you.
You regained 8 hp, and now have 23/36 hp.
Eat one of 2 chunks of flesh {@w0}? (ye/n/q)
You eat one of the 2 chunks of flesh {@w0}.
This raw flesh tastes great!
The river rat closely misses you.
You regained 3 hp, and now have 26/36 hp.
Eat a chunk of flesh {@w0}? (ye/n/q)
You eat the chunk of flesh {@w0}.
This raw flesh tastes great!
The river rat bites you but does no damage.
You regained 6 hp, and now have 32/36 hp.
You hit the river rat. You closely miss the river rat.
The river rat barely misses you.
You hit the river rat. The river rat bites you!
You take 8 damage, and have 24/36 hp.
MASSIVE DAMAGE!!
You hit the river rat. The river rat bites you.
You take 1 damage, and have 23/36 hp.
You barely miss the river rat. The river rat closely misses you.
You barely miss the river rat.
The river rat bites you but does no damage.
You hit the river rat but do no damage. The river rat barely misses you.
The river rat twitches its whiskers.
You hit the river rat but do no damage. The river rat closely misses you.
You completely miss the river rat. The river rat closely misses you.
You barely miss the river rat. You hit the river rat. The river rat bites you!
You take 7 damage, and have 16/36 hp.
You hit the river rat. The river rat barely misses you.
You hit the river rat.
You kill the river rat!
You closely miss the river rat. The river rat bites you.
You take 3 damage, and have 13/36 hp.
You barely miss the river rat. The river rat closely misses you.
You hit the river rat but do no damage. The river rat barely misses you.
You hit the river rat but do no damage. The river rat bites you.
* * * LOW HITPOINT WARNING * * *
You take 6 damage, and have 7/36 hp.
You barely miss the river rat. The river rat barely misses you.
Okay, then.
Unknown command.
You miscast Shroud of Golubria.
You are very lightly contaminated with residual magic.
The world appears momentarily distorted!
The river rat barely misses you.
You now have 3/5 mp.
Space distorts slightly along a thin shroud covering your body.
Your shroud bends the river rat's attack away.
You now have 1/5 mp.
You hit the river rat but do no damage. You hit the river rat but do no damage.
Your shroud bends the river rat's attack away.
You hit the river rat but do no damage.
Your shroud begins to fray at the edges.
The river rat bites you.
* * * LOW HITPOINT WARNING * * *
Your shroud falls apart!
You take 6 damage, and have 1/36 hp.
You hit the river rat. The river rat bites you!
You die... ############### #@rr.∩.∩......≈ ###############

You could see a river rat and a rat.

Vanquished Creatures
  3 adders
  A river rat (Sewer)
  3 oozes
  A leopard gecko (D:3)
  4 orcs
  3 ball pythons
  A giant cockroach (D:1)
  3 goblins
  9 hobgoblins
  4 jackals (D:1)
  2 quokkas
  7 bats
  2 frilled lizards
  3 kobolds
  11 rats
57 creatures vanquished.

Notes
Turn   | Place    | Note
-------+----------+-------------------------------------------
     0 | D:1      | mhoghedin the Ghoul Warper began the quest for the Orb.
     0 | D:1      | Reached XP level 1. HP: 17/17 MP: 2/2
    14 | D:1      | Reached skill level 2 in Polearms
    76 | D:1      | Reached XP level 2. HP: 15/24 MP: 3/3
   530 | D:1      | Reached skill level 3 in Polearms
   654 | D:1      | Reached XP level 3. HP: 24/29 MP: 4/4
   658 | D:1      | Learned a level 2 spell: Blink
   661 | D:1      | Learned a level 2 spell: Shroud of Golubria
   909 | D:2      | Found a blossoming altar of Fedhas.
  1208 | D:2      | HP: 7/28 [adder (3)]
  1213 | D:2      | HP: 3/28 [adder (2)]
  1219 | D:2      | HP: 1/28 [adder (2)]
  1220 | D:2      | Reached XP level 4. HP: 2/35 MP: 0/5
  1610 | D:2      | Found a faded altar of an unknown god.
  1610 | D:2      | Found a glowing silver altar of Zin.
  1619 | D:2      | Found a bloodstained altar of Trog.
  1622 | D:2      | Found a radiant altar of Vehumet.
  1624 | D:2      | Found a faded altar of an unknown god.
  1798 | D:3      | Reached skill level 4 in Polearms
  1930 | D:4      | HP: 7/35 [orc/mace (6)]
  1992 | D:4      | Found a glowing drain.
  2022 | D:4      | Noticed Natasha
  2048 | Sewer    | Entered a sewer
  2077 | Sewer    | HP: 7/36 [river rat (6)]
  2083 | Sewer    | HP: 1/36 [river rat (6)]
  2084 | Sewer    | Mangled by a river rat

Vault maps used:
D:1:      sevenhm_arrival_forest_fort_small_5, st_stairs_2, hangedman_decor_push
D:2:      chequers_temple_overflow_minitemple, fedhas_altar_1
D:3:      nicolae_overflow_quartered_altars
D:4:      portal_sewer_entry_a, uniq_natasha
Sewer:    sewer_kobolds

Skill      XL: |  1  2  3  4 |
---------------+-------------+-----
Polearms       | 2 3 4 |  4.4
Fighting       | |  2.1
Throwing       | |  0.8
Armour         | |  0.8
Dodging        | |  1.7
Spellcasting   | |  1.7
Translocations | |  2.6

Action                   |  1- 3 |  4- 6 || total
-------------------------+-------+-------++-------
Melee: Spear             |   162 |   131 ||   293
 Cast: Blink             |     2 |       ||     2
       Shroud of Golubri |       |     1 ||     1
  Use: Scroll            |     3 |       ||     3
       Potion            |       |     2 ||     2
  Eat: Chunk             |    12 |    15 ||    27
Armor: Leather armour    |    50 |    23 ||    73
Dodge: Dodged            |    77 |    68 ||   145

Table legend:
 A = Spawn XP
 B = Non-spawn XP
 C = Spawn XP percentage of total XP
 D = Spawn monster count
 E = Non-spawn monster count
 F = Spawn count percentage of total count
 G = Total turns spent on level
                    A         B        C        D         E        F      G
               +---------+---------+-------+---------+---------+-------+---------
         Total |       0 |     157 |   0.0 |       0 |      57 |   0.0 |  2084
               +---------+---------+-------+---------+---------+-------+---------
           D:1 |       0 |      43 |   0.0 |       0 |      20 |   0.0 |   835
           D:2 |       0 |      48 |   0.0 |       0 |      16 |   0.0 |   990
           D:3 |       0 |      14 |   0.0 |       0 |       8 |   0.0 |    84
           D:4 |       0 |      37 |   0.0 |       0 |      10 |   0.0 |   139
         Sewer |       0 |      15 |   0.0 |       0 |       3 |   0.0 |    36
               +---------+---------+-------+---------+---------+-------+---------

Vault maps used:
D:1:      sevenhm_arrival_forest_fort_small_5, st_stairs_2, hangedman_decor_push
D:2:      chequers_temple_overflow_minitemple, fedhas_altar_1
D:3:      nicolae_overflow_quartered_altars
D:4:      portal_sewer_entry_a, uniq_natasha
Sewer:    sewer_kobolds

Table legend:
 A = Turns spent in this place as a percentage of turns spent in the entire game.
 B = Non-inter-level travel turns spent in this place as a percentage of non-inter-level travel turns spent in the entire game.
 C = Inter-level travel turns spent in this place as a percentage of turns spent in this place.
 D = Turns resting spent in this place as a percentage of non-inter-level travel turns spent in this place.
 E = Turns spent auto-exploring this place as a percentage of non-inter-level travel turns spent in this place.
 F = Non-inter-level travel turns spent in this place divided by the number of levels of this place that you've seen.
                   A       B       C       D       E      F
               +-------+-------+-------+-------+-------+----------------------
         Total | 100.0 | 100.0 |   2.4 |  28.5 |  39.4 | 407.0
       Dungeon |  98.3 |  98.2 |   2.4 |  29.0 |  40.1 | 499.8
         Sewer |   1.7 |   1.8 |   0.0 |   0.0 |   0.0 |  36.0
               +-------+-------+-------+-------+-------+----------------------

Table legend:
 A = Kills in this place as a percentage of kills in entire the game.
 B = Kills by you in this place as a percentage of kills by you in the entire game.
 C = Kills by friends in this place as a percentage of kills by friends in the entire game.
 D = Other kills in this place as a percentage of other kills in the entire game.
 E = Experience gained in this place as a percentage of experience gained in the entire game.
 F = Experience gained in this place divided by the number of levels of this place that you have seen.
                   A       B       C       D       E      F
               +-------+-------+-------+-------+-------+----------------------
         Total | 100.0 | 100.0 |   N/A |   N/A | 100.0 |  31.4
       Dungeon |  94.7 |  94.7 |   N/A |   N/A |  90.4 |  35.5
         Sewer |   5.3 |   5.3 |   N/A |   N/A |   9.6 |  15.0
               +-------+-------+-------+-------+-------+----------------------
